 Dungeon Crawl Stone Soup version 0.20-a0-59-g66a9409 (webtiles) character file.

105 FitzyFitz the Gusty (level 4, -1/49 HPs)
             Began as a Demigod Air Elementalist on Nov 16, 2016.
             Slain by a hippogriff (3 damage)
             ... on level 3 of the Dungeon.
             The game lasted 00:09:51 (2485 turns).

FitzyFitz the Gusty (Demigod Air Elementalist)      Turns: 2485, Time: 00:09:51

Health: -1/49      AC:  4    Str: 16    XL:     4   Next: 29%
Magic:  8/9        EV: 12    Int: 21    God:
Gold:   145        SH:  0    Dex: 16    Spells: 2 memorised, 3 levels left

rFire  . . .     SeeInvis .     u - +0 mace
rCold  . . .     Gourm    .     g - +0 robe
rNeg   + . .     Faith    .     (no shield)
rPois  .         Spirit   .     (no helmet)
rElec  .         Reflect  .     (no cloak)
rCorr  .         Harm     .     (no gloves)
MR     .....                    p - +1 pair of boots (curse)
Stlth  ..........               (no amulet)
                                t - ring of positive energy
                                r - +3 ring of slaying

@: berserking, very quick
A: high mp 1
a: no special abilities


You were on level 3 of the Dungeon.
You were very hungry.

You visited 1 branch of the dungeon, and saw 3 of its levels.

You collected 145 gold pieces.

Inventory:

Hand Weapons
 a - a +0 dagger
 b - a +0 hunting sling
 k - a cursed -3 club
 o - a +0 spear
 u - a +0 mace (weapon)
Missiles
 d - 50 stones (quivered)
Armour
 g - a +0 robe (worn)
 p - a cursed +1 pair of boots (worn)
 v - a +0 leather armour
Jewellery
 r - a +3 ring of slaying (left hand)
 t - a ring of positive energy (right hand)
Scrolls
 f - 2 scrolls of enchant armour
 h - a scroll of magic mapping {unknown}
 n - a scroll of teleportation {unknown}
Potions
 i - 2 potions of curing {unknown}
 l - a potion of invisibility
 m - a potion of brilliance {unknown}
 q - a potion of berserk rage
 s - 2 potions of cancellation {unknown}
 w - a potion of might {unknown}
Books
 j - a book of Air

   Spells                             Type                      Level
   a - Shock                          Conjuration/Air              1
   b - Swiftness                      Charms/Air                   2
   c - Repel Missiles                 Charms/Air                   2
   d - Static Discharge               Conjuration/Air              3
   e - Lightning Bolt                 Conjuration/Air              5
Comestibles
 c - a bread ration
 x - a slice of pizza
 z - a beef jerky


   Skills:
 - Level 1.7 Dodging
 - Level 1.7 Stealth
 - Level 1.7 Spellcasting
 + Level 2.8 Conjurations
 + Level 3.9 Air Magic


You had 3 spell levels left.
You knew the following spells:

 Your Spells              Type           Power        Failure   Level  Hunger
a - Shock                 Conj/Air       ###.         4%          1    #......
b - Swiftness             Chrm/Air       ##......     12%         2    ###....


Dungeon Overview and Level Annotations

Branches:
Dungeon (3/15)


Innate Abilities, Weirdness & Mutations

You have an increased reservoir of magic. (+10% MP)


Message History

Do you really want to go berserk while wielding your +0 hunting sling?
Okay, then.
Unknown command.
Unknown command.
Wield which item (- for none, * to show all)? (? for menu, Esc to quit)
u - a +0 mace (weapon)
The hippogriff barely misses you. The hippogriff pecks you.
* * * LOW HITPOINT WARNING * * *
The hippogriff claws you.
* * * LOW HITPOINT WARNING * * *
A red film seems to cover your vision as you go berserk!
You feel yourself moving faster!
You feel mighty!
The hippogriff bites you but does no damage.
The hippogriff pecks you.
* * * LOW HITPOINT WARNING * * *
The hippogriff claws you but does no damage.
You hit the hippogriff.
The hippogriff is almost dead.
The hippogriff bites you.
You die...

# ##.#.....
#.#..#....
#.#$.....# #
..>.....#.#
....<$....#
#..........
#.#........
##.#.######.#
#.(((.(H@.(.#
#..#.#####..#
#..#.# .#
#..#.. # .♣
#..#### ..
#..#####.# ♣.
#........#
♣.♣#..#######
♣.....#


You could see a hippogriff.

Vanquished Creatures
  An orc priest (D:3)
  An adder (D:2)
  A dart slug (D:2)
  2 orcs (D:3)
  A ball python (D:1)
  9 bats
  3 giant cockroaches (D:2)
  17 goblins
  2 hobgoblins (D:2)
  6 jackals (D:1)
  3 kobolds
  6 frilled lizards
  8 rats
60 creatures vanquished.

Notes
Turn   | Place    | Note
-------+----------+-------------------------------------------
     0 | D:1      | FitzyFitz the Demigod Air Elementalist began the quest for the Orb.
     0 | D:1      | Reached XP level 1. HP: 14/14 MP: 5/5
    71 | D:1      | Reached skill level 1 in Conjurations
   297 | D:1      | Reached skill level 3 in Air Magic
   411 | D:1      | Reached XP level 2. HP: 20/20 MP: 4/7
   601 | D:1      | Learned a level 2 spell: Swiftness
  1272 | D:2      | Reached XP level 3. HP: 22/26 MP: 1/8
  1765 | D:2      | Found a shattered altar of Ashenzari.
  2009 | D:2      | Found an ancient bone altar of Kikubaaqudgha.
  2444 | D:3      | Reached XP level 4. HP: 33/33 MP: 9/9
  2474 | D:3      | Noticed a hippogriff
  2484 | D:3      | HP: 1/49 [hippogriff (2)]
  2485 | D:3      | Slain by a hippogriff

Vault maps used:
D:1:      evilmike_arrival_run_for_it
D:2:      kennysheep_the_goblin_king, ashenzari_conservatory_becter,
          overflow_temple_1_default
D:3:      kb_forest_paths, fedhas_altar_4

Skill      XL: |  1  2 |
---------------+-------+-----
Conjurations   | 1 2 |  2.8
Air Magic      | 3 |  3.9
Dodging        | |  1.7
Stealth        | |  1.7
Spellcasting   | |  1.7

Action                   |  1- 3 |  4- 6 || total
-------------------------+-------+-------++-------
Melee: Unarmed           |     7 |       ||     7
       Dagger            |    14 |       ||    14
       Mace              |       |     1 ||     1
 Fire: Hunting sling     |   124 |     8 ||   132
Throw: Stone             |     2 |       ||     2
 Cast: Shock             |    22 |     1 ||    23
  Use: Scroll            |     4 |       ||     4
       Potion            |       |     1 ||     1
  Eat: Chunk             |     4 |       ||     4
Armor: Robe              |    19 |     3 ||    22
Dodge: Dodged            |    48 |     8 ||    56
